 Dungeon Crawl Stone Soup version 0.31-a0-193-gdfe2569204 (webtiles) character file.

Game seed: 9896659404633654100

157 qw the Skirmisher (level 5, 0/29 HPs)
             Began as a Deep Elf Hunter on June 24, 2023.
             Slain by Edmund
             ... wielding a +7 flail of holy wrath
              (8 damage)
             ... on level 4 of the Dungeon.
             The game lasted 00:00:48 (2251 turns).

qw the Skirmisher (Deep Elf Hunter)                 Turns: 2251, Time: 00:00:49

Health: 0/29       AC:  6    Str: 16    XL:     5   Next: 15%
Magic:  7/7        EV: 11    Int: 14    God:
Gold:   153        SH:  0    Dex: 18    Spells: 4/4 levels left

rFire   . . .        Y - +0 shortbow
rCold   . . .        (shield currently unavailable)
rNeg    . . .        d - +0 ring mail
rPois   .            b - +0 helmet
rElec   .            (no cloak)
rCorr   .            (no gloves)
SInv    .            (no boots)
Will    .....        (no amulet)
Stlth   +            c - +6 ring of strength
HPRegen 0.24/turn    (no ring)
MPRegen 0.10/turn

%: no passive effects
@: no status effects
A: no striking features
a: no special abilities


You were on level 4 of the Dungeon.
You visited 1 branch of the dungeon, and saw 4 of its levels.

You collected 153 gold pieces.


   Skills:
 - Level 1.5 Fighting
 + Level 8.6 Ranged Weapons
 - Level 2.4 Dodging
 - Level 1.2 Stealth


You had 4 spell levels left.
You didn't know any spells.
Your spell library was empty.

Inventory:

Hand Weapons
 Y - a +0 shortbow (weapon)
Armour
 b - a +0 helmet (worn)
 d - a +0 ring mail (worn)
Jewellery
 c - a +6 ring of strength (left hand)
 e - a ring of fire
Scrolls
 h - a scroll of identify
Potions
 a - a potion of cancellation {unknown}
 f - a potion of heal wounds {unknown}
 g - a potion of curing
 i - a potion of might {unknown}
 j - a potion of enlightenment {unknown}
 k - a potion of mutation {unknown}
 n - a potion of brilliance {unknown}
 o - a potion of lignification {unknown}

Dungeon Overview and Level Annotations

Branches:
Dungeon (4/15)
 Temple: D:4-7

Altars:
Cheibriados

Annotations:
D:4 Edmund


Message History

You see here a +0 falchion.
You see here an Everburning Encyclopedia.
Edmund the Younger comes into view.
He is wielding a +7 flail of holy wrath and wearing a +4 scale mail of poison resistance.
Enter note: You shoot an arrow.
The arrow hits Edmund.
Edmund shouts!
Edmund is lightly wounded.
Edmund says, "You wouldn't believe how much I paid for this flail."
You shoot an arrow. The arrow closely misses Edmund.
You shoot an arrow.
The arrow hits Edmund but does no damage.
Edmund is lightly wounded.
You shoot an arrow.
The arrow hits Edmund but does no damage.
Edmund is lightly wounded.
You shoot an arrow. The arrow closely misses Edmund.
You shoot an arrow. The arrow hits Edmund.
Edmund is lightly wounded.
Edmund barely misses you.
You shoot an arrow.
The arrow hits Edmund but does no damage.
Edmund is lightly wounded.
Edmund hits you with a +7 flail of holy wrath!
You shoot an arrow.
The arrow hits Edmund but does no damage.
Edmund is lightly wounded.
Edmund hits you with a +7 flail of holy wrath.
You shoot an arrow.
The arrow hits Edmund but does no damage.
Edmund is lightly wounded.
Edmund hits you with a +7 flail of holy wrath.
You shoot an arrow.
The arrow hits Edmund but does no damage.
Edmund is lightly wounded.
Edmund hits you with a +7 flail of holy wrath!
You shoot an arrow.
The arrow hits Edmund but does no damage.
Edmund is lightly wounded.
Edmund hits you with a +7 flail of holy wrath!
You die...

........:....#.#.........
.........#......#...#####
##########...#..###.#
#...#..# #.## ##...#..#
#..#### #...##..# ##....#
##...##.# ####.# #...##
#.# #@..# ########..
#.@.## .........# #...##
############ #...##
#..#.......% #...#
##.#.#..#### #...#
#.#.#..#### #...
#.#.#.....^ ...#
#.#.#.##### #.#.#.# #..


You could see Edmund.

Vanquished Creatures
  A hound (D:4)
  A jelly (D:4)
  Robin (D:2)
  3 adders
  A worm (D:2)
  2 dart slugs
  2 orcs (D:4)
  6 endoplasms
  A giant cockroach (D:1)
  8 goblins
  2 hobgoblins
  3 quokkas (D:2)
  6 ball pythons
  4 bats
  3 frilled lizards (D:1)
  3 kobolds
  6 rats
53 creatures vanquished.

Notes
Turn   | Place    | Note
-------+----------+-------------------------------------------
     0 | D:1      | qw the Deep Elf Hunter began the quest for the Orb.
     0 | D:1      | Reached XP level 1. HP: 12/12 MP: 3/3
     0 | D:1      | 0 ||| qw: Version: 0.3-a-9-g12657ce
     0 | D:1      | 0 ||| qw: Game counter: 4647
     0 | D:1      | 0 ||| qw: Always use a shield: true
     0 | D:1      | 0 ||| qw: God list: Okawaru
     0 | D:1      | 0 ||| qw: Allow faded altars: false
     0 | D:1      | 0 ||| qw: Do Orc after D:15 true
     0 | D:1      | 0 ||| qw: Do second Lair branch before Depths: true
     0 | D:1      | 0 ||| qw: Lair rune preference: random
     0 | D:1      | 0 ||| qw: Plans: Normal
     0 | D:1      | 0 ||| PLANNING D:1-11
   231 | D:1      | Reached XP level 2. HP: 16/16 MP: 4/4
   251 | D:1      | Reached skill level 6 in Ranged Weapons
   504 | D:1      | 504 ||| READING scroll labelled BUENILYFEL.
   505 | D:1      | 505 ||| DROPPING scroll of butterflies.
   551 | D:2      | Noticed Robin
   562 | D:2      | HP: 2/16 [Robin/+0 spear (4)]
   563 | D:2      | Killed Robin
   564 | D:2      | Reached XP level 3. HP: 3/20 MP: 5/5
   564 | D:2      | 564 ||| FLEEEEING.
   565 | D:2      | 565 ||| FLEEEEING.
   566 | D:2      | 566 ||| FLEEEEING.
   567 | D:2      | 567 ||| FLEEEEING.
   568 | D:2      | 568 ||| FLEEEEING.
   569 | D:2      | 569 ||| FLEEEEING.
   570 | D:2      | 570 ||| FLEEEEING.
   571 | D:2      | 571 ||| FLEEEEING.
   572 | D:2      | 572 ||| STAIRDANCE
   636 | D:2      | 636 ||| STAIRDANCE
   678 | D:2      | 678 ||| STAIRDANCE
   686 | D:2      | 686 ||| STAIRDANCE
   702 | D:2      | 702 ||| STAIRDANCE
   862 | D:2      | Reached skill level 7 in Ranged Weapons
   999 | D:2      | Reached XP level 4. HP: 25/25 MP: 6/6
  1164 | D:2      | 1164 ||| UPGRADING to +0 helmet.
  1169 | D:2      | 1169 ||| UPGRADING to +0 ring mail.
  1179 | D:2      | 1179 ||| DROPPING +0 leather armour.
  1180 | D:2      | 1180 ||| READING scroll labelled XAGEFE NABIMP.
  1181 | D:2      | 1181 ||| READING scroll labelled PYNEAS NUUSTRIA.
  1525 | D:3      | Found a snail-covered altar of Cheibriados.
  1856 | D:3      | 1856 ||| DROPPING amulet of magic regeneration.
  1857 | D:3      | 1857 ||| UPGRADING to +6 ring of strength.
  1858 | D:3      | 1858 ||| READING 2 scrolls labelled SAYX TAMACW.
  1859 | D:3      | 1859 ||| READING scroll labelled ZUROXU NEDOU.
  1860 | D:3      | 1860 ||| DRINKING 2 silvery potions.
  2057 | D:4      | HP: 4/25 [hound (3)]
  2062 | D:4      | Reached skill level 8 in Ranged Weapons
  2185 | D:4      | Reached XP level 5. HP: 29/29 MP: 7/7
  2240 | D:4      | Noticed Edmund
  2251 | D:4      | Slain by Edmund

Levels and vault maps discovered:
D:1:      dpeg_arrival_windows_large_door, layout_loops_cross
D:2:      layout_basic, uniq_robin
D:3:      layout_loops_ring, mainiacjoe_overflow_brackets, minmay_misc_feat_five
D:4:      layout_basic, serial_curves, eino_curves_02, eino_curves_01,
          uniq_natasha, uniq_edmund

Skill      XL: |  1  2  3  4 |
---------------+-------------+-----
Ranged Weapons | 6 7 8 |  8.6
Fighting       | |  1.5
Dodging        | |  2.4
Stealth        | |  1.2

Action                     |  1- 3 |  4- 6 || total
---------------------------+-------+-------++-------
   Fire: Shortbow          |   103 |    56 ||   159
    Use: Scroll            |     1 |     4 ||     5
         Potion            |       |     1 ||     1
 Armour: Leather armour    |     6 |       ||     6
         Ring mail         |       |    10 ||    10
  Dodge: Dodged            |    17 |    14 ||    31

Table legend:
 A = Non-vault XP
 B = Vault XP
 C = Vault XP percentage of total XP
 D = Non-vault monster count
 E = Vault monster count
 F = Vault count percentage of total count
                 A         B        C        D         E       F
            +---------+---------+-------+---------+---------+-------
      Total |     200 |      25 |  11.1 |      46 |       7 |  13.2
            +---------+---------+-------+---------+---------+-------
        D:1 |      25 |       7 |  21.9 |      16 |       4 |  20.0
        D:2 |      56 |      18 |  24.3 |      17 |       3 |  15.0
        D:3 |       9 |       0 |   0.0 |       5 |       0 |   0.0
        D:4 |     110 |       0 |   0.0 |       8 |       0 |   0.0
            +---------+---------+-------+---------+---------+-------
